 Dungeon Sprint DCSS version 0.23.1 (webtiles) character file.

Game seed: 107507467539756257

6335 dhn the Severer (level 10, 0/101 HPs)
             Began as a Minotaur Fighter on Mar 14, 2019.
             Slain by a vault warden
             ... wielding a +2 war axe of chopping
              (8 damage)
             ... in the Dungeon (Sprint V: "Ziggurat Sprint").
             The game lasted 00:07:41 (1239 turns).

dhn the Severer (Minotaur Fighter)                  Turns: 1239, Time: 00:07:43

Health: 0/101      AC: 33    Str: 33    XL:     10   Next: 64%
Magic:  13/13      EV:  9    Int:  6    God:
Gold:   0          SH: 18    Dex: 12    Spells: 9/9 levels left

rFire    . . .     SeeInvis .   R - +5 broad axe
rCold    . . .     Gourm    .   Q - +3 shield
rNeg     . . .     Faith    .   x - +15 Maxwell's patent armour {-Cast -Tele rElec MR+ rCorr}
rPois    .         Spirit   .   (helmet restricted)
rElec    +         Reflect  .   (no cloak)
rCorr    +         Harm     .   U - +0 pair of gloves {archery}
MR       +....     NoTele   +   (no boots) Stlth ..........NoCast +
                                (no amulet)
HPRegen  0.26/turn              E - +6 ring of strength
MPRegen  0.13/turn              F - +6 ring of strength

@: no status effects
A: retaliatory headbutt, horns 2
a: no special abilities


You were in the Dungeon.
You were not hungry.

You visited 1 branch

Inventory:

Hand Weapons
 w - the +9 heavy crossbow "Sniper" {velocity, Acc+∞ SInv}
   (You found it in the Dungeon)

   Any bolt fired from it inflicts extra damage.
   It lets you see invisible.
 R - a +5 broad axe (weapon)
 S - a +5 executioner's axe
 T - a +5 demon trident
 Z - a +1 hand crossbow of velocity
Armour
 x - the +15 Maxwell's patent armour (worn) {-Cast -Tele rElec MR+ rCorr}
   (You found it in the Dungeon)

   It insulates you from electricity.
   It affects your resistance to hostile enchantments.
   It prevents spellcasting.
   It prevents most forms of teleportation.
   It provides partial protection from all sources of acid and corrosion.
 y - the +18 shield of the Gong {rElec rN+ MR+ EV-5}
   (You found it in the Dungeon)

   It affects your evasion (-5).
   It insulates you from electricity.
   It protects you from negative energy.
   It affects your resistance to hostile enchantments.
 K - a +5 crystal plate armour
 L - +5 gold dragon scales
 M - a +5 plate armour
 N - +5 storm dragon scales
 O - a +3 buckler
 P - a +3 large shield
 Q - a +3 shield (worn)
 U - a +0 pair of gloves of archery (worn)
Jewellery
 a - an uncursed ring of wizardry
 b - the ring of the Jolly Eyes {AC+1 Str+8 Int-3}
   (You found it in the Dungeon)

   [ring of protection]

   It affects your AC (+1).
   It affects your strength (+8).
   It affects your intelligence (-3).
 A - a +6 ring of dexterity
 B - a +6 ring of dexterity
 C - a +6 ring of intelligence
 D - a +6 ring of intelligence
 E - a +6 ring of strength (left hand)
 F - a +6 ring of strength (right hand)
 G - the ring of Jealousy {-Tele rPois rN+ Int+2 Dex+4}
   (You found it in the Dungeon)

   [ring of intelligence]

   It affects your intelligence (+2).
   It affects your dexterity (+4).
   It protects you from poison.
   It protects you from negative energy.
   It prevents most forms of teleportation.
Wands
 H - a wand of disintegration (7)
 I - a wand of iceblast (7)
 J - a wand of acid (7)
Scrolls
 c - 4 scrolls of enchant weapon
 k - 4 scrolls of blinking
 q - 4 scrolls of amnesia
 r - 7 scrolls of fog
 s - a scroll of holy word
 t - 5 scrolls of identify
 u - 5 scrolls of remove curse
 v - 2 scrolls of fear
Potions
 d - 6 potions of might
 e - 10 potions of curing
 g - 6 potions of heal wounds
 h - 6 potions of haste
 i - 7 potions of magic
 j - 3 potions of berserk rage
 l - 2 potions of brilliance
 m - 2 potions of invisibility
 n - 4 potions of resistance
 o - a potion of experience
 p - 5 potions of agility
Miscellaneous
 z - a lightning rod (4/4)
 W - a lamp of fire (inert)
 Y - a phantom mirror
Comestibles
 f - 7 rations


   Skills:
 + Level 13.6 Fighting
 + Level 16.3 Axes
 + Level 14.2 Armour
 + Level 1.8 Dodging
 + Level 14.4 Shields
 + Level 5.5 Evocations


You had 9 spell levels left.
You didn't know any spells.
Your spell library contained the following spells:

 Spells                   Type           Power        Failure   Level  Hunger
 Flame Tongue             Conj/Fire      #....        95%         1    ##.....
 Corpse Rot               Necr           N/A          99%         2    ###....
 Sublimation of Blood     Necr           #.........   99%         2    ###....
 Throw Flame              Conj/Fire      #.....       99%         2    ###....
 Conjure Flame            Conj/Fire      #.......     100%        3    ####...
 Inner Flame              Hex/Fire       #.......     100%        3    ####...
 Sticky Flame             Conj/Fire      #.......     100%        4    #####..
 Agony                    Necr           #.......     100%        5    ######.
 Bolt of Draining         Conj/Necr      #.........   100%        5    ######.
 Dispel Undead            Necr           #.......     100%        5    ######.
 Excruciating Wounds      Chrm/Necr      #.........   100%        5    ######.
 Fireball                 Conj/Fire      #.........   100%        5    ######.


Dungeon Overview and Level Annotations

Branches:
Dungeon (1/1)

Altars:
Ashenzari
Cheibriados
Dithmenos
Elyvilon
Fedhas
Gozag
Hepliaklqana
Kikubaaqudgha
Makhleb
Nemelex Xobeh
Okawaru
Qazlal
Ru
Sif Muna
Trog
Uskayaw
Vehumet
Wu Jian
Xom
Yredelemnul
Zin
The Shining One
Beogh
Jiyva
Lugonu

Annotations:
D 1 transporter


Innate Abilities, Weirdness & Mutations

You reflexively headbutt those who attack you in melee.
You have a pair of horns on your head.


Message History

The vault guard blocks your attack.
Your headbutt misses the vault guard.
The vault guard is lightly wounded.
The vault guard blocks your attack.
You slice the vault warden!! The vault warden blocks your attack.
The vault warden completely misses you.
The vault guard hits you but does no damage.
The vault warden hits you with a +0 long sword!
* * * LOW HITPOINT WARNING * * *
You feel much better.
The vault guard hits you but does no damage.
The vault warden hits you with a +2 war axe of chopping!
You block the vault guard's attack.
Unknown command.
You slash the vault guard!
The vault guard is moderately wounded.
The vault guard blocks your attack. The vault warden blocks your attack.
You slice the vault warden!! You block the vault warden's attack.
The vault guard hits you but does no damage.
The vault warden hits you with a +2 war axe of chopping!!
* * * LOW HITPOINT WARNING * * *
You die...

▓▓▓▓▓▓▓▓▓▓▓▓▓▓▓▓▓▓
▓...8©8.. ▓..8©8..
▓..:..:...▓.).[)..
▓...}[[...▓..)|...
▓.........▓.......
▓.........▓.......
▓.........▓.......
▓pp.......▓.......
▓@▓.....▓.▓.......
▓ppp.©....▓...©...
▓▓▓▓▓▓▓▓▓▓▓▓▓▓▓▓▓▓


You could see 2 vault wardens and 3 vault guards.

Vanquished Creatures
  2 dancing weapons (D)
  A deep elf knight (D)
  A moth of wrath (shapeshifter) (D)
  4 toenail golems (D)
  A black mamba (D)
  2 yaktaurs (D)
  2 hornets (D)
  A raiju (D)
  2 spriggans (D)
  A naga (D)
  3 water moccasins (D)
  A hell hound (D)
  2 black bears (D)
  A necrophage (D)
  2 wolves (D)
  An earth elemental (D)
  2 scorpions (D)
  A quasit (D)
  An adder (D)
  2 white imps (D)
  3 ufetubi (D)
  An adder skeleton (D)
  A ball python (D)
  2 giant cockroach zombies (D)
40 creatures vanquished.

Vanquished Creatures (others)
  A quokka zombie (D)
1 creature vanquished.

Grand Total: 41 creatures vanquished

Notes
Turn   | Place    | Note
-------+----------+-------------------------------------------
     0 | D        | Found the +6 Majin-Bo {vamp, Archmagi MP+6 Int+6}
     0 | D        | Found the +7 great mace "Firestarter" {inner flame, rF++}
     0 | D        | dhn the Minotaur Fighter began the quest for the Orb.
     0 | D        | Reached XP level 1. HP: 19/19 MP: 0/0
     0 | D        | Found a deep blue altar of Sif Muna.
     0 | D        | Found a bloodstained altar of Trog.
     0 | D        | Found a sacrificial altar of Ru.
     0 | D        | Found a stormy altar of Qazlal.
     0 | D        | Found an iron altar of Okawaru.
     1 | D        | Found a sparkling altar of Nemelex Xobeh.
     1 | D        | Found a blossoming altar of Fedhas.
     3 | D        | Found a transporter.
     3 | D        | Found an ancient bone altar of Kikubaaqudgha.
     3 | D        | Found a viscous altar of Jiyva.
     3 | D        | Found a corrupted altar of Lugonu.
     3 | D        | Found a hazy altar of Hepliaklqana.
     3 | D        | Found a burning altar of Makhleb.
     3 | D        | Found an opulent altar of Gozag.
    14 | D        | Found the +9 heavy crossbow "Sniper" {velocity, Acc+∞ SInv}
    14 | D        | Found the +10 dark maul {crush}
    14 | D        | Found the +15 Maxwell's patent armour {-Cast -Tele rElec
                  | MR+ rCorr}
    14 | D        | Found the +18 shield of the Gong {rElec rN+ MR+ EV-5}
    14 | D        | Found the cursed +14 obsidian axe {chop, +Fly SInv *Curse}
    15 | D        | Found the +6 shillelagh "Devastator" {shatter}
    15 | D        | Found the +11 plutonium sword {*Contam Stlth-}
    15 | D        | Found the +8 lance "Wyrmbane" {slay drac, rPois rF+ rC+
                  | AC+3}
    15 | D        | Found the +9 sword of Zonguldrok {reap}
    15 | D        | Found the cursed +13 scythe of Curses {drain, *Curse}
    15 | D        | Found the +0 sword of Power
    15 | D        | Found the +7 mace of Variability {chain chaos}
    15 | D        | Found the +7 Singing Sword {slice, sonic wave}
    15 | D        | Found the +7 longbow "Piercer" {penet, EV-2}
   105 | D        | Entered arena 2.
   105 | D        | Noticed a scorpion
   105 | D        | Noticed a scorpion
   105 | D        | Found a transporter.
   109 | D        | Killed a scorpion
   109 | D        | Reached skill level 5 in Fighting
   109 | D        | Reached skill level 4 in Axes
   109 | D        | Reached skill level 5 in Armour
   109 | D        | Reached skill level 5 in Shields
   109 | D        | Reached XP level 2. HP: 22/30 MP: 1/1
   109 | D        | Reached XP level 3. HP: 28/37 MP: 2/2
   109 | D        | Killed a scorpion
   109 | D        | Reached XP level 4. HP: 34/45 MP: 3/3
   245 | D        | Entered arena 3.
   245 | D        | Noticed a necrophage
   245 | D        | Found a transporter.
   254 | D        | Killed a necrophage
   254 | D        | Reached skill level 5 in Axes
   254 | D        | Reached XP level 5. HP: 47/52 MP: 4/4
   282 | D        | Entered arena 4.
   282 | D        | Noticed a toenail golem
   282 | D        | Noticed a toenail golem
   282 | D        | Noticed a toenail golem
   282 | D        | Noticed a toenail golem
   282 | D        | Found a transporter.
   288 | D        | Killed a toenail golem
   288 | D        | Reached skill level 8 in Axes
   288 | D        | Reached skill level 10 in Armour
   288 | D        | Reached skill level 10 in Shields
   288 | D        | Reached skill level 1 in Evocations
   288 | D        | Reached XP level 6. HP: 47/62 MP: 5/5
   298 | D        | Killed a toenail golem
   298 | D        | Reached skill level 10 in Fighting
   298 | D        | Reached skill level 9 in Axes
   298 | D        | Reached XP level 7. HP: 56/71 MP: 5/7
   301 | D        | Killed a toenail golem
   301 | D        | Reached skill level 10 in Axes
   301 | D        | Reached XP level 8. HP: 57/79 MP: 5/8
   307 | D        | Killed a toenail golem
   307 | D        | Reached skill level 11 in Axes
   407 | D        | Entered arena 5.
   407 | D        | Found a transporter.
   531 | D        | Entered arena 6.
   531 | D        | Noticed a +0 dire flail of protection
   531 | D        | Noticed a +1 long sword of protection
   531 | D        | Noticed a deep elf knight
   531 | D        | Noticed a moth of wrath
   531 | D        | a swamp worm changed into a moth of wrath
   531 | D        | Found a transporter.
   532 | D        | Identified the +0 battleaxe of Jiwiamaz {chop, rN+}
   538 | D        | Killed a moth of wrath
   538 | D        | Reached skill level 12 in Axes
   553 | D        | Reached XP level 9. HP: 28/89 MP: 10/10
   553 | D        | Killed a +1 long sword of protection
   553 | D        | Reached skill level 13 in Axes
   553 | D        | Reached skill level 1 in Dodging
   561 | D        | Killed a +0 dire flail of protection
   561 | D        | Reached skill level 14 in Axes
   564 | D        | Killed a deep elf knight
   870 | D        | Entered arena 7.
   870 | D        | Noticed a spriggan rider
   870 | D        | Noticed a spriggan rider
   872 | D        | Reached XP level 10. HP: 99/100 MP: 12/12
   874 | D        | Reached skill level 15 in Axes
   888 | D        | Found a transporter.
   895 | D        | Reached skill level 5 in Evocations
  1073 | D        | Got the ring of the Jolly Eyes {AC+1 Str+8 Int-3}
  1098 | D        | Entered arena 8.
  1100 | D        | Found a transporter.
  1149 | D        | Entered arena 9.
  1149 | D        | Noticed a black mamba
  1158 | D        | Killed a black mamba
  1158 | D        | Reached skill level 16 in Axes
  1159 | D        | Found a transporter.
  1205 | D        | Got the ring of Jealousy {-Tele rPois rN+ Int+2 Dex+4}
  1216 | D        | Entered arena 10.
  1216 | D        | Noticed a vault guard
  1216 | D        | Noticed a vault guard
  1216 | D        | Noticed a vault guard
  1216 | D        | Noticed a vault guard
  1216 | D        | Noticed a vault warden
  1216 | D        | Noticed a vault warden
  1224 | D        | Found a transporter.
  1239 | D        | Slain by a vault warden

Skill      XL: |  1  2  3  4  5  6  7  8  9 10 |
---------------+-------------------------------+-----
Fighting       | 5 6 7 9 10 11 12 13 | 13.6
Axes           | 4 5 8 9 10 12 14 16 | 16.3
Armour         | 5 6 8 10 11 12 13 14 | 14.2
Shields        | 5 6 7 10 11 12 13 14 | 14.4
Evocations     | 1 2 3 4 5 |  5.5
Dodging        | 1 |  1.8

Action                   |  1- 3 |  4- 6 |  7- 9 | 10-12 || total
-------------------------+-------+-------+-------+-------++-------
Melee: Broad axe         |     3 |    12 |    42 |    55 ||   112
       Headbutt          |       |     5 |     9 |    14 ||    28
Evoke: Lamp of fire      |       |     2 |     3 |     3 ||     8
       Lightning rod     |       |     1 |       |     2 ||     3
  Use: Potion            |       |       |     3 |     1 ||     4
  Eat: Chunk             |       |       |       |     1 ||     1
Armor: Plate armour      |     3 |    12 |    42 |    35 ||    92
Dodge: Dodged            |       |     9 |    10 |    13 ||    32
Block: Shield            |     2 |    15 |    42 |    54 ||   113
